 Dungeon Crawl Stone Soup version 0.26-a0-112-g824cf5ae89 (webtiles) character file.

Game seed: 10404025754160908785

119 Error4North the Skirmisher (level 5, -9/48 HPs)
             Began as a Hill Orc Fighter on June 24, 2020.
             Was an Initiate of Okawaru.
             Killed from afar by Ijyb (21 damage)
             ... with a bolt of acid
             ... on level 3 of the Dungeon.
             The game lasted 00:04:50 (2005 turns).

Error4North the Skirmisher (Hill Orc Fighter)       Turns: 2005, Time: 00:04:50

Health: -9/48      AC:  2    Str: 19    XL:     5   Next: 3%
Magic:  0/5        EV:  7    Int:  9    God:    Okawaru [......]
Gold:   136        SH:  9    Dex: 10    Spells: 4/4 levels left

rFire    . . .     SeeInvis .   a - +0 war axe
rCold    . . .     Faith    .   c - +0 kite shield
rNeg     . . .     Spirit   +   b - +0 scale mail
rPois    .         Reflect  .   (no helmet)
rElec    .         Harm     .   (no cloak)
rCorr    .                      o - +1 pair of gloves
MR       .....                  q - +0 pair of boots (curse)
Stlth    ..........             k - amulet of guardian spirit
HPRegen  0.16/turn              (no ring)
MPRegen  0.09/turn              (no ring)

@: corroded, stab
A: no striking features
a: Renounce Religion


You were on level 3 of the Dungeon.
You worshipped Okawaru.
Okawaru was noncommittal.
You were hungry.

You visited 1 branch of the dungeon, and saw 3 of its levels.

You collected 136 gold pieces.

Inventory:

Hand Weapons
 a - a +0 war axe (weapon)
Armour
 b - a +0 scale mail (worn)
 c - a +0 kite shield (worn)
 o - a +1 pair of gloves (worn)
 q - a cursed +0 pair of boots (worn)
Jewellery
 k - an amulet of guardian spirit (around neck)
Scrolls
 e - a scroll of amnesia {unknown}
 h - a scroll of teleportation {unknown}
 i - a scroll of blinking {unknown}
 j - 2 scrolls of enchant armour {unknown}
 m - a scroll of remove curse {unknown}
 p - 2 scrolls of identify {unknown}
Potions
 g - a potion of haste
Comestibles
 f - a ration


   Skills:
 * Level 5.1 Fighting
 + Level 3.8 Axes
 * Level 3.7 Armour
 + Level 0.1 Dodging
 * Level 4.1 Shields


You had 4 spell levels left.
You didn't know any spells.
Your spell library was empty.

Dungeon Overview and Level Annotations

Branches:
Dungeon (3/15)

Altars:
Gozag
Okawaru

Annotations:
D:3 Ijyb


Message History

You closely miss Ijyb.
Ijyb is heavily wounded.
You block Ijyb's attack. x2
You closely miss Ijyb.
Ijyb is heavily wounded.
Ijyb closely misses you.
You hit Ijyb but do no damage.
Ijyb is heavily wounded.
Ijyb zaps a wand.
The bolt of acid misses you. Ijyb screams, "Me kill you!"
Ijyb hits you with a +0 dagger.
* * * LOW HITPOINT WARNING * * *
You barely miss Ijyb.
Ijyb is heavily wounded.
Ijyb hits you with a +0 dagger.
* * * LOW HITPOINT WARNING * * *
You hit Ijyb but do no damage.
Ijyb is heavily wounded.
Ijyb zaps a wand.
The bolt of acid hits you!!
You die...

.# # .# .# .##. #.
... #. ##.. ♣♣... #.#
#.. ♣....♣ ##.## #g#
#....# #...# #@#
#....####..###.###.#
#.........(........#
#.#..#.....#..#####
#..........#.....
#####.............###
....#...#.....#.....
###...........#..####
#..............#


You could see Ijyb.

Vanquished Creatures
  Terence (D:2)
  4 adders
  An ooze (D:1)
  A worm (D:2)
  A dart slug (D:1)
  A leopard gecko (D:1)
  3 giant cockroaches
  3 goblins
  10 hobgoblins
  A quokka (D:2)
  5 bats
  6 frilled lizards
  4 kobolds
  11 rats
52 creatures vanquished.

Vanquished Creatures (others)
  5 toadstools (D:1)
5 creatures vanquished.

Grand Total: 57 creatures vanquished

Notes
Turn   | Place    | Note
-------+----------+-------------------------------------------
     0 | D:1      | Error4North the Hill Orc Fighter began the quest for the
                  | Orb.
     0 | D:1      | Reached XP level 1. HP: 19/19 MP: 1/1
   243 | D:1      | Reached XP level 2. HP: 25/27 MP: 2/2
   385 | D:1      | Reached skill level 4 in Fighting
   450 | D:1      | Reached XP level 3. HP: 24/33 MP: 3/3
   954 | D:2      | Noticed Terence
   960 | D:2      | Killed Terence
   960 | D:2      | Reached XP level 4. HP: 41/41 MP: 4/4
   975 | D:2      | Found an iron altar of Okawaru.
   975 | D:2      | Found an opulent altar of Gozag.
   985 | D:2      | Became a worshipper of Warmaster Okawaru
  1098 | D:2      | Reached skill level 5 in Fighting
  1989 | D:3      | Reached XP level 5. HP: 48/48 MP: 5/5
  1990 | D:3      | Noticed Ijyb
  2005 | D:3      | Killed from afar by Ijyb

Illustrated notes

Levels and vault maps discovered:
D:1:      ldierk_walled_garden, layout_basic, minmay_tall_x
D:2:      layout_basic, grunt_temple_overflow_open, minmay_cupped, uniq_terence
D:3:      layout_loops_ring, uniq_robin, uniq_crazy_yiuf_cottage, uniq_ijyb

Skill      XL: |  1  2  3  4 |
---------------+-------------+-----
Fighting       | 4 5 |  5.1
Axes           | 3 |  3.8
Shields        | 4 |  4.1
Armour         | |  3.7
Dodging        | |  0.1

Action                   |  1- 3 |  4- 6 || total
-------------------------+-------+-------++-------
Melee: War axe           |    67 |    83 ||   150
  Use: Potion            |     1 |     2 ||     3
  Eat: Chunk             |       |     3 ||     3
Armor: Scale mail        |    42 |    40 ||    82
Dodge: Dodged            |    18 |    28 ||    46
Block: Kite shield       |    34 |    37 ||    71

Table legend:
 A = Non-vault XP
 B = Vault XP
 C = Vault XP percentage of total XP
 D = Non-vault monster count
 E = Vault monster count
 F = Vault count percentage of total count
                 A         B        C        D         E       F
            +---------+---------+-------+---------+---------+-------
      Total |     121 |      49 |  28.8 |      43 |       9 |  17.3
            +---------+---------+-------+---------+---------+-------
        D:1 |      42 |       7 |  14.3 |      23 |       4 |  14.8
        D:2 |      65 |      42 |  39.3 |      18 |       5 |  21.7
        D:3 |      14 |       0 |   0.0 |       2 |       0 |   0.0
            +---------+---------+-------+---------+---------+-------
